Map: Cactus Valley LE (Void)

Players

MacZero

  • Race: Zerg Zerg
  • League: Diamond
  • Spawn Location: 5:00

Musumeci - Winner!

  • Race: Zerg Zerg
  • League: Diamond
  • Spawn Location: 1:00

VOD

Have the link to the VOD?

Description

Time

  • Played on: Feb. 21, 2017, 1:10 p.m.
  • Length: 11:16
Show
View Real Time Build Order
Export as new Build Order

MacZero Zerg 

Build Orders: Pool First 

Get SALT Encoding   

  12  0:02  Drone  
  13  0:08  Drone  
  14  0:17  Drone, Extractor  
  14  0:34  Spawning Pool  
  13  0:37  Drone  
  14  0:49  Overlord  
  14  0:57  Overlord  
  14  1:09  Drone  
  15  1:23  Metabolic Boost  
  15  1:25  Queen  
  17  1:29  Zergling x2  
  17  1:31  Zergling x2  
  19  1:35  Zergling x2  
  20  1:44  Zergling x2  
  21  2:01  Queen  
  23  2:15  Drone  
  23  2:16  Drone x2  
  26  2:29  Zergling x2  
  27  2:41  Spine Crawler  
  26  2:51  Zergling x2  
  26  2:52  Zergling x4  
  24  3:16  Roach Warren  
  24  3:19  Drone x5  
  28  3:22  Lair  
  25  3:47  Drone x4  
  27  4:00  Roach  
  28  4:05  Spine Crawler  
  21  4:19  Roach  
  21  4:21  Glial Reconstitution  
  23  4:27  Roach  
  25  4:35  Roach  
  24  4:57  Queen  
  28  5:00  Roach x2  
  30  5:16  Overlord x2  
  30  5:32  Hatchery  
  29  5:42  Roach  
  23  6:06  Roach  
  23  6:07  Roach x3  
  25  6:23  Roach x2  
  17  6:56  Drone x4  
  21  7:19  Queen  
  19  7:45  Drone  
Show
View Real Time Build Order
Export as new Build Order

Musumeci Zerg - Winner!

Build Orders: Pool First, Zergling Baneling 

Get SALT Encoding   

  12  0:01  Drone  
  13  0:10  Drone  
  14  0:27  Spawning Pool  
  13  0:30  Drone  
  13  0:35  Extractor  
  13  0:36  Drone  
  14  0:48  Extractor  
  14  0:49  Drone  
  15  0:51  Overlord  
  15  1:14  Zergling x6  
  18  1:26  Evolution Chamber  
  18  1:29  Zergling x2  
  18  1:36  Metabolic Boost  
  18  1:44  Spine Crawler  
  18  1:45  Zergling x2  
  19  1:50  Queen  
  21  2:03  Baneling Nest  
  20  2:10  Zergling x4  
  22  2:49  Baneling  
  22  2:50  Baneling x2  
  22  2:51  Baneling  
  20  3:09  Zergling x2  
  20  3:11  Overlord  
  21  3:27  Baneling  
  17  3:50  Baneling x4  
  17  3:51  Zergling x4  
  17  3:52  Zergling x10  
  22  4:16  Zergling x2  
  22  4:17  Zergling x2  
  24  4:27  Baneling x3  
  24  4:33  Hatchery  
  18  4:52  Zergling x8  
  19  5:11  Zergling x8  
  23  5:17  Overlord  
  23  5:31  Zergling x6  
  25  5:42  Zergling x2  
  25  5:43  Zergling x2  
  26  6:01  Zergling x6  
  28  6:13  Zergling x4  
  21  6:37  Zergling x2  
  21  6:38  Zergling x8  
  19  6:57  Roach Warren  
  14  7:41  Roach x3  
  14  7:43  Roach  
  21  7:44  Roach  
Tags
 
Add a new tag
Caveats
  • Supply blocks, unpowered buildings, or Contaminate may cause inaccurate times.
  • Supply counts are checked every 10 seconds.